 Dungeon Crawl Stone Soup version 0.24-a0-434-gd57e52fea8 (webtiles) character file.

Game seed: 11713439315943614846

10069 mhoghedin the Tainter (level 11, -3/141 HPs)
             Began as a White Draconian Venom Mage on June 16, 2019.
             Was a Priest of Vehumet.
             Slain by a death yak (17 damage)
             ... on level 10 of the Dungeon.
             The game lasted 00:26:02 (11738 turns).

mhoghedin the Tainter (White Draconian Venom Mage) Turns: 11738, Time: 00:26:02

Health: -3/141     AC: 25    Str: 10    XL:     11   Next: 31%
Magic:  22/22      EV:  2    Int: 18    God:    Vehumet [***...]
Gold:   335        SH:  0    Dex: 18    Spells: 13/25 levels left

rFire    + . .     SeeInvis +   B - +7 quarterstaff of Karma {elec, Dex+5 SInv}
rCold    + . .     Gourm    .   (shield currently unavailable)
rNeg     + + +     Faith    .   (armour unavailable)
rPois    +         Spirit   .   (helmet currently unavailable)
rElec    .         Reflect  .   (cloak currently unavailable)
rCorr    .         Harm     .   (gloves currently unavailable)
MR       .....     NoTele   +   (boots currently unavailable)
Stlth    ++........             n - amulet of rage {+Rage, !d}
HPRegen  0.33/turn              a - ring of protection from cold {rC+, !d}
MPRegen  0.18/turn              o - ring of protection from fire {rF+, !d}

@: tree-form
A: (breathe frost), unfitting armour, AC +7
a: Renounce Religion, Evoke Berserk Rage


You were on level 10 of the Dungeon.
You worshipped Vehumet.
Vehumet was most pleased with you.
You were not hungry.
You were a tree.
You visited 2 branches of the dungeon, and saw 11 of its levels.

You collected 533 gold pieces.
You spent 198 gold pieces at shops.

Inventory:

Hand Weapons
 p - a +2 short sword of venom
   (You found it on level 3 of the Dungeon)
 z - a +2 war axe of electrocution
   (You took it off Blork the orc on level 5 of the Dungeon)
 B - the +7 quarterstaff of Karma (weapon) {elec, Dex+5 SInv}
   (You bought it in a shop on level 8 of the Dungeon)

   Occasionally, upon striking a foe, it will discharge some electrical energy
   and cause terrible harm.
   It affects your dexterity (+5).
   It lets you see invisible.
Missiles
 l - 5 curare-tipped darts (quivered)
Armour
 i - a +0 buckler
   (You found it on level 5 of the Dungeon)
 w - a +0 cloak (melded)
   (You found it on level 7 of the Dungeon)
Magical Staves
 A - an uncursed staff of conjuration {unknown}
   (You found it on level 8 of the Dungeon)
Jewellery
 a - a ring of protection from cold (left branch) {rC+, !d}
   (You found it on level 1 of the Dungeon)
 n - an amulet of rage (around neck) {+Rage, !d}
   (You found it on level 9 of the Dungeon)
 o - a ring of protection from fire (right branch) {rF+, !d}
   (You found it on level 5 of the Dungeon)
Wands
 k - a wand of random effects (24)
   (You took it off Edmund on level 5 of the Dungeon)
 q - a wand of enslavement (8)
   (You found it on level 6 of the Dungeon)
 E - a wand of flame (30)
   (You found it on level 10 of the Dungeon)
Scrolls
 c - 2 scrolls of magic mapping {!r}
 d - a scroll of teleportation
 e - a scroll of identify
 f - 2 scrolls of enchant weapon
 g - a scroll of holy word {unknown}
 h - a scroll of immolation {!r}
 r - a scroll of fear
 t - 4 scrolls of remove curse
 y - a scroll of silence
Potions
 j - a potion of heal wounds
 m - 3 potions of haste
 s - 4 potions of lignification {!q}
 u - 4 potions of curing
 v - a potion of mutation {unknown}
 D - a potion of ambrosia
Miscellaneous
 C - a lightning rod (4/4)
   (You found it on level 9 of the Dungeon)
Comestibles
 b - 8 rations
 x - 5 chunks of flesh {@w0}


   Skills:
 + Level 7.9 Fighting
 - Level 3.1 Axes
 + Level 6.2 Staves
 + Level 6.0 Dodging
 - Level 1.7 Stealth
 - Level 3.4 Shields
 - Level 7.9 Spellcasting
 - Level 1.4 Conjurations
 - Level 10.1 Poison Magic


You had 13 spell levels left.
You knew the following spells:

 Your Spells              Type           Power        Failure   Level  Hunger
a - Olgreb's Toxic Radia  Pois           #####...     1%          4    ###....
b - Poisonous Vapours     Pois/Air       ####..       1%          2    None
r - Regeneration          Chrm/Necr      #.........   30%         3    #......
x - Mephitic Cloud        Conj/Pois/Air  ###.....     1%          3    #......

Your spell library contained the following spells:

 Spells                   Type           Power        Failure   Level  Hunger
 Dazzling Spray           Conj/Hex       #.....       6%          3    #......
 Sting                    Conj/Pois      ####         1%          1    None
 Venom Bolt               Conj/Pois      ####......   7%          5    #####..
 Infusion                 Chrm           #...         10%         1    None
 Shroud of Golubria       Chrm/Tloc      #.....       16%         2    None
 Song of Slaying          Chrm           #.......     16%         2    None
 Spectral Weapon          Hex/Chrm       #.......     30%         3    #......


Dungeon Overview and Level Annotations

Branches:
Dungeon (10/15)            Temple (1/1) D:6
   Lair: D:8-11         Orc: D:9-12

Altars:
Ashenzari
Cheibriados
Dithmenos
Elyvilon
Fedhas
Gozag
Hepliaklqana
Kikubaaqudgha
Makhleb
Nemelex Xobeh
Okawaru
Qazlal
Ru
Sif Muna
Trog
Uskayaw
Vehumet
Wu Jian
Xom
Yredelemnul
Zin
The Shining One

Shops:
D:8 ([:*   D:9 !

Annotations:
D:8 exclusion: ice statue
D:10 2 transporters, Ratty's ghost, novice MiFi


Innate Abilities, Weirdness & Mutations

((You can breathe waves of freezing cold.))
((You can buffet flying creatures when you breathe cold.))
((Your icy white scales are hard. (AC +7)))
You cannot fit into any form of body armour.
((Your flesh is cold resistant. (rC+)))
((You are cold-blooded and may be slowed by cold attacks.))


Message History

The death yak looks more healthy.
You catch the helpless death yak completely off-guard!
You sock the death yak!
The death yak gores the death yak!!
The death yak is killed!
Vehumet accepts your kill.
You feel your power returning.
You regained 3 mp, and now have 19/22 mp.
Throwing (i - inventory)
l - 8 curare-tipped darts (quivered)
Aim: a death yak (severely wounded, poisoned, confused)
You throw a curare-tipped dart.
The curare-tipped dart hits the death yak.
The death yak looks as sick as possible!
The death yak convulses.
The death yak seems to slow down.
The death yak looks more healthy.
You hit the death yak but do no damage.
The death yak seems less confused.
You kill the death yak!
Vehumet accepts your kill.
You feel your power returning.
The killer bee looks more healthy.
MP restored: 22 Throwing (i - inventory)
l - 7 curare-tipped darts (quivered)
Aim: a death yak (lightly wounded, poisoned)
You throw a curare-tipped dart.
The curare-tipped dart hits the death yak.
The death yak looks even sicker.
The death yak convulses.
The death yak seems to slow down.
The death yak looks more healthy.
You barely miss the death yak. The death yak gores you!
You take 11 damage, and have 73/93 hp.
You sock the death yak! The death yak misses you.
You begin to radiate toxic energy.
The death yak is poisoned. x2
The death yak looks as sick as possible!
The death yak is poisoned.
The killer bee is poisoned.
You kill the killer bee!
Vehumet accepts your kill.
You feel your power returning.
You now have 19/22 mp.
You hit the death yak but do no damage.
The death yak looks even sicker.
The death yak looks as sick as possible!
The death yak gores you!
You take 16 damage, and have 57/93 hp.
You sock the death yak!
Lightning courses through the death yak!
The death yak looks even sicker.
The death yak looks as sick as possible!
The death yak looks even sicker.
Your toxic aura wanes.
Unknown command.
You completely miss the death yak. The death yak misses you.
The killer bee buzzes angrily.
You sock the death yak!
The death yak looks more healthy.
The death yak is no longer moving slowly.
The death yak gores you!!
You take 25 damage, and have 32/93 hp.
MASSIVE DAMAGE!!
Unknown command.
Aim: a death yak (almost dead, poisoned)
Okay, then.
Unknown command.
Throwing (i - inventory)
l - 6 curare-tipped darts (quivered)
Aim: a death yak (almost dead, poisoned)
You throw a curare-tipped dart.
The curare-tipped dart hits the death yak.
The death yak looks as sick as possible!
The death yak convulses.
The death yak seems to slow down.
The killer bee buzzes angrily.
You have got your breath back.
You hear an angry buzzing noise.
You hit the death yak.
You kill the death yak!
Vehumet accepts your kill.
You feel your power returning.
Your Staves skill increases to level 6!
Your Dodging skill increases to level 6!
MP restored: 22 The death yak snorts and paws the ground.
The death yak snorts and paws the ground.
Really quaff
s - 5 potions of lignification {!q}?
Really quaff the potion of lignification?
You turn into a tree.
Your +0 cloak melds into your body.
Your roots penetrate the ground.
The death yak gores you but does no damage.
You now have 52/141 hp.
You hit the death yak but do no damage. The death yak gores you.
You take 4 damage, and have 48/141 hp.
You hit the death yak.
The death yak looks more healthy.
The death yak barely misses you.
You barely miss the death yak. The death yak gores you.
You take 1 damage, and have 47/141 hp.
You sock the death yak! The death yak barely misses you.
You barely miss the death yak. The death yak gores you!
* * * LOW HITPOINT WARNING * * *
You hit the death yak but do no damage. The death yak gores you!
* * * LOW HITPOINT WARNING * * *
You thump the death yak!
The death yak gores you but does no damage.
You hit the death yak.
Lightning courses through the death yak!
The death yak gores you.
* * * LOW HITPOINT WARNING * * *
You thump the death yak! The death yak gores you!
You die...

.....# .... .....# ..†.
.....# #.. .....# #.. .#
.....# #Y# #.# .....#
#.# #.# .....# #(# #.#
.....#######.########.#
............©YYY♣...#.##
......#############....#
.....#####!!©y$#####...#
†...###..%#...#...###..#
....##=.#..###..#..##..#
....###.#.# ..# #.###..#
.....# ### # .### #...#
....###...# #...###.##
....##..#..###..#.%##.#


You could see 3 death yaks.

Vanquished Creatures
  Erica (D:8)
  A two-headed ogre (D:9)
  3 death yaks (D:10)
  Pikel (D:7)
  Grinder (D:4)
  11 yaks (D:9)
  A hungry ghost (D:9)
  Edmund (D:5)
  Duvessa (D:4)
  A water moccasin (D:9)
  5 orc warriors
  3 slaves (D:7)
  2 ice beasts
  5 sky beasts
  2 black bears
  2 necrophages (D:9)
  2 phantoms
  4 centaurs
  3 ogres
  A big kobold (D:9)
  Blork the orc (D:5)
  3 bullfrogs
  Dowan (D:4)
  A scorpion (D:6)
  A water moccasin skeleton (D:8)
  5 wights (D:8)
  7 killer bees
  A howler monkey (D:5)
  5 crimson imps
  A bullfrog zombie (D:6)
  A jelly (D:5)
  8 orc priests
  3 hounds
  10 orc wizards
  A bullfrog skeleton (D:5)
  2 iguanas (D:8)
  9 worker ants
  8 adders
  4 shadow imps
  An ooze (D:2)
  An adder skeleton (D:6)
  An adder zombie (D:7)
  4 worms
  4 leopard geckos
  40 orcs
  3 ball pythons (D:3)
  7 giant cockroaches
  6 goblins
  6 hobgoblins
  8 jackals
  14 kobolds
  2 quokkas
  4 bats
  3 frilled lizards
  2 leopard gecko skeletons
  A quokka zombie (D:6)
  4 rats
234 creatures vanquished.

Vanquished Creatures (collateral kills)
  A wight (D:8)
1 creature vanquished.

Vanquished Creatures (others)
  A black bear (D:8)
1 creature vanquished.

Grand Total: 236 creatures vanquished

Notes
Turn   | Place    | Note
-------+----------+-------------------------------------------
     0 | D:1      | mhoghedin the Draconian Venom Mage began the quest for the
                  | Orb.
     0 | D:1      | Reached XP level 1. HP: 14/14 MP: 3/3
   720 | D:1      | Reached XP level 2. HP: 20/20 MP: 0/5
   867 | D:1      | Learned a level 2 spell: Poisonous Vapours
  1291 | D:2      | Reached skill level 4 in Poison Magic
  1663 | D:2      | Reached XP level 3. HP: 26/26 MP: 4/6
  2241 | D:3      | Learned a level 3 spell: Mephitic Cloud
  2289 | D:3      | Reached skill level 5 in Poison Magic
  2289 | D:3      | Reached XP level 4. HP: 33/33 MP: 0/7
  3117 | D:3      | Reached XP level 5. HP: 29/38 MP: 8/8
  3520 | D:4      | Reached skill level 6 in Poison Magic
  3730 | D:4      | Reached XP level 6. HP: 45/45 MP: 6/9
  3876 | D:4      | Found a shattered altar of Ashenzari.
  4114 | D:4      | Reached skill level 7 in Poison Magic
  4155 | D:4      | Noticed Dowan
  4159 | D:4      | Killed Dowan
  4159 | D:4      | Noticed Duvessa
  4178 | D:4      | HP: 2/45 [Duvessa/cursed +0 rapier (16)]
  4181 | D:4      | Killed Duvessa
  4496 | D:4      | Noticed Grinder
  4501 | D:4      | Paralysed by Grinder for 6 turns
  4518 | D:4      | Killed Grinder
  4518 | D:4      | Reached skill level 8 in Poison Magic
  4518 | D:4      | Your scales start taking on an icy white colour.
  4518 | D:4      | Reached XP level 7. HP: 50/50 MP: 10/10
  4518 | D:4      | Gained mutation: Your flesh is cold resistant. (rC+) [White
                  | Draconian growth]
  4919 | D:5      | Entered Level 5 of the Dungeon
  4919 | D:5      | Noticed Blork the orc
  4942 | D:4      | Reached skill level 9 in Poison Magic
  5054 | D:4      | Learned a level 4 spell: Olgreb's Toxic Radiance
  5136 | D:5      | Killed Blork the orc
  5429 | D:5      | Noticed Edmund
  5445 | D:5      | Killed Edmund
  5445 | D:5      | Reached XP level 8. HP: 50/57 MP: 4/11
  5499 | D:5      | Reached skill level 10 in Poison Magic
  5836 | D:6      | HP: 12/57 [something (6)]
  5839 | D:6      | Reached skill level 3 in Spellcasting
  6165 | D:6      | Found a staircase to the Ecumenical Temple.
  6176 | Temple   | Entered the Ecumenical Temple
  6425 | Temple   | Became a worshipper of Vehumet
  6431 | Temple   | Learned a level 3 spell: Regeneration
  6673 | D:6      | Reached skill level 4 in Spellcasting
  6816 | D:7      | Reached skill level 5 in Spellcasting
  7247 | D:7      | Noticed Pikel
  7273 | D:7      | Killed Pikel
  7273 | D:7      | Reached skill level 6 in Spellcasting
  7273 | D:7      | Reached XP level 9. HP: 37/62 MP: 11/19
  7434 | D:7      | Reached skill level 7 in Spellcasting
  7847 | D:7      | Reached * piety under Vehumet
  7847 | D:7      | Offered knowledge of Freeze by Vehumet.
  8507 | D:5      | Reached skill level 1 in Fighting
  8600 | D:8      | Reached skill level 1 in Shields
  8834 | D:8      | Reached skill level 1 in Axes
  8850 | D:8      | Found Fuvvoidime's Antique Armour Shoppe.
  8951 | D:8      | Reached skill level 2 in Fighting
  8951 | D:8      | Reached skill level 2 in Shields
  8958 | D:8      | Reached skill level 2 in Axes
  9149 | D:8      | Reached skill level 3 in Fighting
  9187 | D:8      | Reached skill level 3 in Shields
  9297 | D:8      | Reached skill level 3 in Axes
  9373 | D:8      | Found Legiolly's Antique Weapon Shoppe.
  9376 | D:8      | Bought a crystal quarterstaff for 198 gold pieces
  9382 | D:8      | Identified the +7 quarterstaff of Karma {elec, Dex+5 SInv}
                  | (You bought it in a shop on level 8 of the Dungeon)
  9423 | D:8      | Found Leuw's Book Shop.
  9563 | D:8      | Reached skill level 2 in Dodging
  9616 | D:8      | Noticed Erica
  9642 | D:8      | Killed Erica
  9642 | D:8      | Reached skill level 4 in Fighting
  9642 | D:8      | Reached skill level 2 in Staves
  9642 | D:8      | Reached XP level 10. HP: 80/80 MP: 12/21
  9647 | D:8      | Offered knowledge of Throw Flame by Vehumet.
  9688 | D:8      | Found Juegilil's General Store.
  9690 | D:8      | Reached ** piety under Vehumet
  9870 | D:8      | Reached skill level 3 in Dodging
  9895 | D:8      | Noticed an ice statue
  9923 | D:8      | HP: 20/80 [ice statue] (4)]
  9925 | D:8      | HP: 9/80 [ice beast[an ice statue] (4)]
  9928 | D:8      | HP: 4/80 [ice beast[an ice statue] (2)]
 10296 | D:9      | Noticed a two-headed ogre
 10315 | D:9      | HP: 15/80 [two-headed ogre/+0 dire flail (11)]
 10316 | D:9      | HP: 6/80 [two-headed ogre/+0 dire flail (10)]
 10317 | D:9      | Killed a two-headed ogre
 10317 | D:9      | Reached skill level 5 in Fighting
 10317 | D:9      | Reached skill level 3 in Staves
 10851 | D:9      | Reached skill level 4 in Dodging
 10948 | D:9      | Reached skill level 6 in Fighting
 10948 | D:9      | Reached skill level 4 in Staves
 10986 | D:9      | Found Wyxtasymaz's Distillery.
 11067 | D:9      | Offered knowledge of Dazzling Spray by Vehumet.
 11326 | D:9      | Reached skill level 5 in Staves
 11350 | D:9      | Reached skill level 5 in Dodging
 11354 | D:9      | Reached skill level 7 in Fighting
 11355 | D:9      | Reached XP level 11. HP: 78/92 MP: 19/22
 11445 | D:9      | Reached *** piety under Vehumet
 11454 | D:10     | Entered Level 10 of the Dungeon
 11675 | D:10     | Noticed Ratty's ghost (novice MiFi)
 11696 | D:10     | Found a transporter.
 11700 | D:10     | Found a transporter.
 11702 | D:10     | Noticed a death yak
 11704 | D:10     | Noticed a death yak
 11704 | D:10     | Noticed a death yak
 11704 | D:10     | Noticed a death yak
 11705 | D:10     | Noticed a death yak
 11705 | D:10     | Noticed a death yak
 11712 | D:10     | Killed a death yak
 11714 | D:10     | Killed a death yak
 11724 | D:10     | Killed a death yak
 11724 | D:10     | Reached skill level 6 in Staves
 11724 | D:10     | Reached skill level 6 in Dodging
 11734 | D:10     | HP: 33/141 [death yak (14)]
 11737 | D:10     | HP: 13/141 [death yak (6)]
 11738 | D:10     | Slain by a death yak

Levels and vault maps discovered:
D:1:      psy_arrival_radial01, layout_basic, minmay_pentomino_u2
D:2:      layout_basic
D:3:      layout_loops_ring
D:4:      layout_layer_cave, lemuel_crystal_altar, first_ration,
          serial_bayou_pond_d, kennysheep_decorative_pillar, uniq_grinder,
          uniq_duvessa
D:5:      layout_basic, uniq_edmund, uniq_blork_the_orc
D:6:      layout_basic, minmay_temple_entry_ruins
D:7:      layout_gridville, uniq_pikel
D:8:      lemuel_ice_statue, layout_gridville, serial_shops,
          kennysheep_little_box, kennysheep_mini, shop_statue, shop, uniq_erica
D:9:      layout_grid_maze, serial_shops, shop
D:10:     layout_gridville, dpeg_lair_monsters, gammafunk_ghost_hive
Temple:   roderic_octagonal_lattice_temple

Skill      XL: |  1  2  3  4  5  6  7  8  9 10 11 |
---------------+----------------------------------+-----
Poison Magic   | 4 5 6 8 9 10 | 10.1
Spellcasting   | 6 7 |  7.9
Fighting       | 4 7 |  7.9
Shields        | 3 |  3.4
Axes           | 3 |  3.1
Dodging        | 2 5 6 |  6.0
Staves         | 2 5 6 |  6.2
Stealth        | |  1.7
Conjurations   | |  1.4

Action                   |  1- 3 |  4- 6 |  7- 9 | 10-12 || total
-------------------------+-------+-------+-------+-------++-------
Melee: Unarmed           |     7 |       |       |       ||     7
       Dagger            |    30 |    29 |       |       ||    59
       Tailslap          |     1 |    19 |    26 |    16 ||    62
       Short sword       |       |   111 |   201 |       ||   312
       War axe           |       |       |    67 |       ||    67
       Quarterstaff      |       |       |    13 |   160 ||   173
Throw: Dart              |     1 |     4 |    12 |     3 ||    20
 Cast: Sting             |    59 |     8 |       |       ||    67
       Poisonous Vapours |     4 |    23 |    10 |       ||    37
       Olgreb's Toxic Ra |       |       |    20 |    12 ||    32
       Mephitic Cloud    |       |       |       |     3 ||     3
 Abil: Breathe Frost     |       |       |     7 |     2 ||     9
Evoke: Wand              |       |     5 |     4 |       ||     9
  Use: Scroll            |     1 |    10 |     7 |     1 ||    19
       Potion            |       |       |     1 |     6 ||     7
 Stab: Paralysed         |       |    14 |       |       ||    14
       Sleeping          |       |       |     4 |     5 ||     9
       Distracted        |       |       |     1 |       ||     1
       Confused          |       |       |       |     5 ||     5
  Eat: Chunk             |     5 |     4 |     9 |     8 ||    26
       Ration            |       |     2 |     3 |     1 ||     6
Armor: Skin              |    16 |    32 |   112 |    62 ||   222
Dodge: Dodged            |    33 |    83 |   171 |   130 ||   417
Block: Buckler           |       |       |    12 |       ||    12

Table legend:
 A = Non-vault XP
 B = Vault XP
 C = Vault XP percentage of total XP
 D = Non-vault monster count
 E = Vault monster count
 F = Vault count percentage of total count
                 A         B        C        D         E       F
            +---------+---------+-------+---------+---------+-------
      Total |    9785 |    4600 |  32.0 |     221 |      11 |   4.7
            +---------+---------+-------+---------+---------+-------
        D:1 |      21 |       1 |   4.5 |      12 |       1 |   7.7
        D:2 |      32 |       0 |   0.0 |      13 |       0 |   0.0
        D:3 |     148 |       0 |   0.0 |      26 |       0 |   0.0
        D:4 |     425 |     495 |  53.8 |      25 |       3 |  10.7
        D:5 |     365 |     245 |  40.2 |      12 |       2 |  14.3
        D:6 |     429 |       0 |   0.0 |      14 |       0 |   0.0
        D:7 |    1103 |     629 |  36.3 |      25 |       1 |   3.8
        D:8 |    1851 |     918 |  33.2 |      39 |       1 |   2.5
        D:9 |    4499 |       0 |   0.0 |      41 |       0 |   0.0
       D:10 |     912 |    2312 |  71.7 |      14 |       3 |  17.6
            +---------+---------+-------+---------+---------+-------

Levels and vault maps discovered:
D:1:      psy_arrival_radial01, layout_basic, minmay_pentomino_u2
D:2:      layout_basic
D:3:      layout_loops_ring
D:4:      layout_layer_cave, lemuel_crystal_altar, first_ration,
          serial_bayou_pond_d, kennysheep_decorative_pillar, uniq_grinder,
          uniq_duvessa
D:5:      layout_basic, uniq_edmund, uniq_blork_the_orc
D:6:      layout_basic, minmay_temple_entry_ruins
D:7:      layout_gridville, uniq_pikel
D:8:      lemuel_ice_statue, layout_gridville, serial_shops,
          kennysheep_little_box, kennysheep_mini, shop_statue, shop, uniq_erica
D:9:      layout_grid_maze, serial_shops, shop
D:10:     layout_gridville, dpeg_lair_monsters, gammafunk_ghost_hive
Temple:   roderic_octagonal_lattice_temple

Table legend:
 A = Turns spent in this place as a percentage of turns spent in the entire game.
 B = Non-inter-level travel turns spent in this place as a percentage of non-inter-level travel turns spent in the entire game.
 C = Inter-level travel turns spent in this place as a percentage of turns spent in this place.
 D = Turns resting spent in this place as a percentage of non-inter-level travel turns spent in this place.
 E = Turns spent auto-exploring this place as a percentage of non-inter-level travel turns spent in this place.
 F = Non-inter-level travel turns spent in this place divided by the number of levels of this place that you've seen.
                   A       B       C       D       E      F
               +-------+-------+-------+-------+-------+----------------------
         Total | 100.0 | 100.0 |   2.9 |  30.8 |  50.4 | 1035.6
       Dungeon |  97.7 |  97.8 |   2.8 |  31.5 |  49.4 | 1114.4
        Temple |   2.3 |   2.2 |   8.5 |   0.0 |  96.4 | 248.0
               +-------+-------+-------+-------+-------+----------------------

Table legend:
 A = Kills in this place as a percentage of kills in entire the game.
 B = Kills by you in this place as a percentage of kills by you in the entire game.
 C = Kills by friends in this place as a percentage of kills by friends in the entire game.
 D = Other kills in this place as a percentage of other kills in the entire game.
 E = Experience gained in this place as a percentage of experience gained in the entire game.
 F = Experience gained in this place divided by the number of levels of this place that you have seen.
                   A       B       C       D       E      F
               +-------+-------+-------+-------+-------+----------------------
         Total | 100.0 | 100.0 | 100.0 | 100.0 | 100.0 | 1307.7
       Dungeon | 100.0 | 100.0 | 100.0 | 100.0 | 100.0 | 1438.5
               +-------+-------+-------+-------+-------+----------------------
